 Dungeon Crawl Stone Soup version 0.30-a0-613-gdd512c7efb (webtiles) character file.

Game seed: 661002387573665319

671 avis the Chiller (level 7, -3/60 HPs)
             Began as a Demigod Ice Elementalist on Jan 8, 2023.
             Slain by an orc warrior
             ... wielding a +0 trident
              (13 damage)
             ... on level 5 of the Dungeon on Jan 9, 2023.
             The game lasted 00:27:05 (4720 turns).

avis the Chiller (Demigod Ice Elementalist)         Turns: 4720, Time: 00:27:06

Health: -3/60      AC:  9    Str:  9    XL:     7   Next: 10%
Magic:  9/14       EV: 13    Int: 17    God:
Gold:   272        SH:  0    Dex: 22    Spells: 5/12 levels left

rFire   . . .      SeeInvis .    b - +4 sling
rCold   + . .      Faith    .    (no shield)
rNeg    . . .      Spirit   .    I - +3 leather armour {rC+}
rPois   +          Reflect  .    C - +2 helmet
rElec   .          Harm     .    (no cloak)
rCorr   .          Rampage  .    (no gloves)
Will    .....                    (no boots)
Stlth   ++                       (no amulet)
HPRegen 0.30/turn                k - ring of poison resistance
MPRegen 0.14/turn                n - ring of poison resistance

@: freezing walls
A: high MP 1, forlorn, divine attributes
a: no special abilities


You were on level 5 of the Dungeon.
You visited 1 branch of the dungeon, and saw 5 of its levels.

You collected 272 gold pieces.

Inventory:

Hand Weapons
 a - a +2 vampiric hand axe
 b - a +4 sling (weapon)
 w - a +0 dagger
 A - a +0 hand axe of venom
 E - a +0 long sword
Missiles
 e - 5 atropa-tipped darts
 m - 15 poisoned darts
 o - 6 curare-tipped darts
 J - 3 boomerangs
Armour
 d - a +0 robe
 C - a +2 helmet (worn)
 I - a +3 leather armour of cold resistance (worn)
Jewellery
 k - a ring of poison resistance (left hand)
 n - a ring of poison resistance (right hand)
 v - a +6 ring of dexterity
Wands
 H - a wand of flame (21)
Scrolls
 f - 2 scrolls of teleportation {unknown}
 g - 3 scrolls of amnesia {unknown}
 j - 2 scrolls of noise {unknown}
 r - a scroll of enchant armour {unknown}
 s - a scroll of immolation {unknown}
 t - a scroll of silence {unknown}
 u - a scroll of fog {unknown}
 B - a scroll of blinking {unknown}
 G - a scroll of fear {unknown}
Potions
 c - a potion of haste
 h - 2 potions of brilliance
 i - 3 potions of degeneration
 l - a potion of heal wounds {unknown}
 p - a potion of curing
 q - 2 potions of attraction
 x - 2 potions of resistance
 y - 2 potions of magic
 z - a potion of might
 D - a potion of mutation {unknown}
 F - a potion of flight {unknown}


   Skills:
 * Level 4.5 Fighting
 - Level 2.0 Ranged Weapons
 - Level 3.0 Dodging
 - Level 2.0 Stealth
 - Level 3.0 Spellcasting
 - Level 5.0 Ice Magic


You had 5 spell levels left.
You knew the following spells:

 Your Spells              Type           Power      Damage    Failure   Level
a - Freeze                Ice            76%        1d8       3%          1
o - Ozocubu's Armour      Ice            19%        N/A       10%         3
r - Frozen Ramparts       Ice            38%        1d6       10%         3

Your spell library contained the following spells:

 Spells                   Type           Power      Damage    Failure   Level
 Ignite Poison            Fire/Tmut/Pois 2%         N/A       58%         3
 Kindle Blastsparks       Fire/Tloc/Air  4%         2d10      58%         3
 Summon Ice Beast         Ice/Summ       11%        N/A       65%         4
 Freezing Cloud           Conj/Ice/Air   4%         6-21      98%         5


Dungeon Overview and Level Annotations

Branches:
Dungeon (5/15)
 Temple: D:4-7

Shops:
D:3 [


Innate Abilities, Weirdness & Mutations

You have an increased reservoir of magic. (+10% MP)
You shall have no god before yourself.
Your divine heritage dramatically boosts your attributes as you level up.


Message History

Fire: b) +4 sling
Press: ? - help, Q - select action, (/) - cycle Shift-Dir - straight line, f/p - orc warrior
Aim: an orc warrior, wielding a +0 trident and wearing a +0 plate armour (lightly wounded, 68% to hit)
You shoot a sling bullet. The sling bullet hits the orc warrior!
The orc warrior is moderately wounded.
The wall freezes the orc warrior but does no damage.
The orc warrior barely misses you.
The wall freezes the orc warrior but does no damage.
The orc warrior completely misses you.
Fire: b) +4 sling
Press: ? - help, Q - select action, (/) - cycle Shift-Dir - straight line, f/p - orc warrior
Aim: an orc warrior, wielding a +0 trident and wearing a +0 plate armour (moderately wounded, 68% to hit)
You shoot a sling bullet.
The sling bullet hits the orc warrior but does no damage.
The orc warrior is moderately wounded.
The wall freezes the orc warrior.
The orc warrior barely misses you.
Your magical contamination has completely faded away.
Fire: b) +4 sling
Press: ? - help, Q - select action, (/) - cycle Shift-Dir - straight line, f/p - orc warrior
Aim: an orc warrior, wielding a +0 trident and wearing a +0 plate armour (heavily wounded, 68% to hit)
You shoot a sling bullet. The sling bullet hits the orc warrior.
The orc warrior is severely wounded.
The wall freezes the orc warrior.
The orc warrior hits you from afar with a +0 trident!
* * * LOW HITPOINT WARNING * * *
The wall freezes the orc warrior.
The orc warrior hits you from afar with a +0 trident.
* * * LOW HITPOINT WARNING * * *
Okay, then.
Press: ? - help, v - describe, . - travel
Here: an orc warrior, wielding a +0 trident and wearing a +0 plate armour (severely wounded)
The floor, spattered with blood.
Fire: b) +4 sling
Press: ? - help, Q - select action, (/) - cycle Shift-Dir - straight line, f/p - orc warrior
Aim: an orc warrior, wielding a +0 trident and wearing a +0 plate armour (severely wounded, 68% to hit)
You shoot a sling bullet.
The sling bullet closely misses the orc warrior.
The wall freezes the orc warrior but does no damage.
The orc warrior hits you from afar with a +0 trident!
You die...

...........#
...........#
...........#
...........####
#####+##......#
#...[..#
#.....o#
#....<.#
###...@# #....#
#....# #....#
#....# #....#
#....# ######


You could see an orc warrior.

Vanquished Creatures
  A phantom (D:3)
  A scorpion (D:4)
  A hound (D:4)
  2 orc priests (D:3)
  Natasha (thrice) (D:4)
  Ijyb (D:4)
  4 iguanas (D:4)
  Terence (D:3)
  Robin (D:3)
  6 adders
  An ufetubus (D:4)
  3 worms
  14 orcs
  8 ball pythons
  5 bats
  11 endoplasms
  3 giant cockroaches
  27 goblins
  7 hobgoblins
  7 jackals (D:4)
  4 quokkas
  A frilled lizard (D:1)
  10 kobolds
  6 rats
128 creatures vanquished.

Notes
Turn   | Place    | Note
-------+----------+-------------------------------------------
     0 | D:1      | avis the Demigod Ice Elementalist began the quest for the
                  | Orb.
     0 | D:1      | Reached XP level 1. HP: 14/14 MP: 5/5
   135 | D:1      | Reached skill level 4 in Ice Magic
   202 | D:1      | Reached XP level 2. HP: 20/20 MP: 5/7
   966 | D:2      | Reached XP level 3. HP: 26/27 MP: 4/9
  1010 | D:2      | Learned a level 3 spell: Frozen Ramparts
  1014 | D:2      | Learned a level 3 spell: Ozocubu's Armour
  1050 | D:2      | Reached skill level 1 in Fighting
  1941 | D:3      | Noticed Robin
  1966 | D:3      | Killed Robin
  1967 | D:3      | Reached XP level 4. HP: 25/36 MP: 2/11
  2275 | D:3      | Reached XP level 5. HP: 25/41 MP: 4/12
  2534 | D:3      | Noticed Terence
  2543 | D:3      | Killed Terence
  2592 | D:3      | Found Laosin's Antique Armour Shop.
  2624 | D:3      | Reached skill level 5 in Ice Magic
  3302 | D:4      | Reached XP level 6. HP: 51/51 MP: 6/13
  3555 | D:4      | Reached skill level 1 in Ranged Weapons
  4000 | D:4      | Noticed Natasha
  4006 | D:4      | Killed Natasha
  4134 | D:4      | Noticed Ijyb
  4158 | D:4      | Killed Ijyb
  4339 | D:4      | Reached XP level 7. HP: 59/59 MP: 10/14
  4427 | D:5      | Entered Level 5 of the Dungeon
  4520 | D:4      | Noticed Natasha
  4541 | D:4      | Killed Natasha
  4659 | D:4      | Noticed Natasha
  4667 | D:4      | Killed Natasha
  4720 | D:5      | Slain by an orc warrior

Illustrated notes

Levels and vault maps discovered:
D:1:      minmay_arrival_three_doors, layout_rooms, minmay_misc_feat_hallway,
          minmay_misc_feat_tiny, minmay_door_square
D:2:      layout_loops_ring, hangedman_abyss_or_decor_stabs
D:3:      layout_basic, grunt_temple_overflow_open,
          nicolae_uskayaw_murder_on_the_dancefloor, serial_shops, shop,
          uniq_robin, uniq_terence
D:4:      kennysheep_goblin_castle, layout_rooms, kennysheep_generic_room_4,
          uniq_natasha
D:5:      layout_gridville, minmay_temple_entry_hall

Skill      XL: |  1  2  3  4  5  6 |
---------------+-------------------+-----
Ice Magic      | 4 5 |  5.0
Spellcasting   | 2 3 |  3.0
Fighting       | 2 3 4 |  4.5
Dodging        | 2 3 |  3.0
Stealth        | 2 |  2.0
Ranged Weapons | 2 |  2.0

Action                   |  1- 3 |  4- 6 |  7- 9 || total
-------------------------+-------+-------+-------++-------
Melee: Dagger            |    15 |     2 |       ||    17
       Punch             |     1 |       |       ||     1
       Hand axe          |       |    25 |       ||    25
 Fire: Sling             |       |   143 |    26 ||   169
 Cast: Freeze            |    56 |     6 |       ||    62
       Frozen Ramparts   |     6 |    15 |     6 ||    27
       Ozocubu's Armour  |     1 |    13 |     3 ||    17
  Use: Scroll            |       |       |     6 ||     6
 Stab: Sleeping          |     6 |       |       ||     6
Armor: Robe              |     7 |    34 |       ||    41
       Leather armour    |       |       |     2 ||     2
Dodge: Dodged            |    25 |    57 |    14 ||    96

Table legend: (Time is in decaauts)
 A = Elapsed time spent in this place.
 B = Non-inter-level travel time spent in this place.
 C = Inter-level travel time spent in this place.
 D = Time resting spent in this place.
 E = Time spent auto-exploring this place.
 F = Levels seen in this place.
 G = Mean time per level.
                   A        B        C        D        E       F      G
               +--------+--------+--------+--------+--------+-----+--------+
         Total |   4785 |   4541 |    244 |   1527 |   1868 |   5 |  957.0 |
       Dungeon |   4785 |   4541 |    244 |   1527 |   1868 |   5 |  957.0 |
               +--------+--------+--------+--------+--------+-----+--------+

Top non-repeatable levels by time:
     D:4: 1424 daAuts
     D:3: 1312 daAuts
     D:2: 1176 daAuts
     D:1: 819 daAuts
     D:5: 52 daAuts
